 Dungeon Crawl Stone Soup version 0.29-a0-901-g46a8461d6a (webtiles) character file.

Game seed: 14999994832288312680

59 gruber the Conjurer (level 3, -6/26 HPs)
             Began as a Draconian Conjurer on July 23, 2022.
             Killed from afar by an orc wizard (13 damage)
             ... with a puff of flame
             ... on level 3 of the Dungeon.
             The game lasted 00:01:06 (2971 turns).

gruber the Conjurer (Draconian Conjurer)            Turns: 2971, Time: 00:01:07

Health: -6/26      AC:  5    Str:  9    XL:     3   Next: 78%
Magic:  0/6        EV: 12    Int: 20    God:
Gold:   208        SH:  0    Dex:  9    Spells: 3/6 levels left

rFire   . . .      SeeInvis .   (no weapon)
rCold   . . .      Faith    .   (no shield)
rNeg    . . .      Spirit   .   (body armour unavailable)
rPois   .          Reflect  .   (helmet restricted)
rElec   .          Harm     .   (no cloak)
rCorr   .          Rampage  .   (no gloves)
Will    .....                   (no boots)
Stlth   ++........              (no amulet)
HPRegen 0.08/turn               (no ring)
MPRegen 0.10/turn               (no ring)

@: no status effects
A: AC +5, unfitting armour, cold-blooded
a: no special abilities


You were on level 3 of the Dungeon.
You visited 1 branch of the dungeon, and saw 3 of its levels.

You collected 208 gold pieces.

Inventory:

Scrolls
 b - 2 scrolls of immolation {unknown}
 c - a scroll of silence {unknown}
 d - 3 scrolls of poison {unknown}
Potions
 a - a potion of magic
 e - 2 potions of mutation {unknown}
 f - 2 potions of curing {unknown}
 g - 2 potions of might {unknown}
 h - a potion of resistance {unknown}


   Skills:
 - Level 1.7 Dodging
 - Level 1.7 Stealth
 + Level 2.4 Spellcasting
 + Level 5.2 Conjurations


You had 3 spell levels left.
You knew the following spells:

 Your Spells              Type           Power      Damage    Failure   Level
a - Magic Dart            Conj           92%        1d7       1%          1
b - Searing Ray           Conj           46%        2d6       2%          2

Your spell library contained the following spells:

 Spells                   Type           Power      Damage    Failure   Level
 Shock                    Conj/Air       48%        1d6       5%          1
 Dazzling Flash           Conj/Hex       24%        N/A       16%         3
 Swiftness                Air            2%         N/A       41%         3
 Fulminant Prism          Conj/Hex       6%         3d7       45%         4
 Iskenderun's Mystic Bla  Conj/Tloc      12%        2d5       45%         4
 Airstrike                Air            1%         0-2+      83%         4


Dungeon Overview and Level Annotations

Branches:
Dungeon (3/15)

Altars:


Innate Abilities, Weirdness & Mutations

Your plain brown scales are hard. (AC +5)
You cannot fit into any form of body armour.
You are cold-blooded and may be slowed by cold attacks.


Message History

The magic dart hits you.
The orc wizard points at you and mumbles some strange words.
You are confused.
The orc wizard casts a spell at you. The magic dart hits you.
You bump into the rock wall.
You feel less confused. The orc wizard barely misses you.
The orc wizard hits you with a +0 dagger.
Casting: Magic Dart (safe; 1% risk of failure)
Confirm with . or Enter, or press ? or * to list all spells.
Aiming: Searing Ray (safe; 2% risk of failure)
Press: ? - help, Shift-Dir - straight line, f/p - orc wizard
Aim: an orc wizard, wielding a +0 dagger and wearing a +0 robe (heavily wounded, 72% to hit)
The searing ray misses the orc wizard. (Press . to maintain the ray.)
The orc wizard barely misses you.
Unknown command.
The searing ray hits the orc wizard.
The orc wizard is severely wounded.
The orc wizard gestures at you while chanting.
The puff of flame hits you!
The searing ray misses the orc wizard.
The orc wizard hits you but does no damage.
Casting: Searing Ray (safe; 2% risk of failure)
Confirm with . or Enter, or press ? or * to list all spells.
Aiming: Magic Dart (safe; 1% risk of failure)
Press: ? - help, Shift-Dir - straight line, f/p - orc wizard
Aim: an orc wizard, wielding a +0 dagger and wearing a +0 robe (severely wounded, 100% to hit)
The magic dart hits the orc wizard.
The orc wizard is almost dead.
The orc wizard hits you with a +0 dagger.
* * * LOW HITPOINT WARNING * * *
Unknown command.
You closely miss the orc wizard.
The orc wizard is almost dead.
The orc wizard points at you and mumbles some strange words.
The puff of flame hits you!
Ouch! That really hurt!
You die...

### ###### #.##.#
#<...# #.##..
####.# #.##.# #.#
#.##.# #.#
####.##.# #.#
#.....#.# #@#
#.....#.#####. #o#
#...(.......#. #.#
####'######.#. #.#
#.# #.#.
#.######.######.#.
#...............#.
########.####...#.
#....+.....
######o..##


You could see an orc wizard.

Vanquished Creatures
  A worm (D:2)
  A dart slug (D:1)
  An orc (D:3)
  4 endoplasms
  3 giant cockroaches
  4 hobgoblins
  3 quokkas
  5 ball pythons
  7 bats
  2 frilled lizards (D:1)
  7 goblins
  5 kobolds
  10 rats
53 creatures vanquished.

Vanquished Creatures (others)
  3 toadstools (D:1)
3 creatures vanquished.

Grand Total: 56 creatures vanquished

Notes
Turn   | Place    | Note
-------+----------+-------------------------------------------
     0 | D:1      | gruber the Draconian Conjurer began the quest for the Orb.
     0 | D:1      | Reached XP level 1. HP: 14/14 MP: 3/3
   262 | D:1      | Reached XP level 2. HP: 20/20 MP: 0/5
  1298 | D:1      | Reached XP level 3. HP: 26/26 MP: 4/6
  1494 | D:1      | Learned a level 2 spell: Searing Ray
  1805 | D:2      | Reached skill level 5 in Conjurations
  2022 | D:2      | Found a faded altar of an unknown god.
  2971 | D:3      | Killed from afar by an orc wizard

Illustrated notes

Levels and vault maps discovered:
D:1:      lemuel_arrival_behind_the_door_small, layout_basic,
          minmay_gold_behind_fungi, roderic_serpentine_path
D:2:      layout_basic, dreamdust_ecumenical_altar_hidden_monk_grotto,
          chequers_serial_rivers_small_a, minmay_between
D:3:      layout_basic, grunt_temple_overflow_growth_and_decay, minmay_cupped,
          uniq_grinder

Skill      XL: |  1  2  3 |
---------------+----------+-----
Conjurations   | 5 |  5.2
Dodging        | |  1.7
Stealth        | |  1.7
Spellcasting   | |  2.4

Action                   || total
-------------------------++-------
Melee: Unarmed           ||    18
       Tailslap          ||     1
       Punch             ||     1
 Cast: Magic Dart        ||   100
       Searing Ray       ||     1
Armor: Skin              ||     4
Dodge: Dodged            ||    12

Table legend: (Time is in decaauts)
 A = Elapsed time spent in this place.
 B = Non-inter-level travel time spent in this place.
 C = Inter-level travel time spent in this place.
 D = Time resting spent in this place.
 E = Time spent auto-exploring this place.
 F = Levels seen in this place.
 G = Mean time per level.
                   A        B        C        D        E       F      G
               +--------+--------+--------+--------+--------+-----+--------+
         Total |   2971 |   2921 |     50 |      0 |   2680 |   3 |  990.3 |
       Dungeon |   2971 |   2921 |     50 |      0 |   2680 |   3 |  990.3 |
               +--------+--------+--------+--------+--------+-----+--------+

Top non-repeatable levels by time:
     D:1: 1501 daAuts
     D:2: 1304 daAuts
     D:3: 166 daAuts
